 Dungeon Crawl Stone Soup version 0.23-a0-636-g0ff6057 (console) character file.

948 bli the Magician (level 7, -5/56 HPs)
             Began as a Purple Draconian Air Elementalist on Dec 28, 2018.
             Slain by Menkaure (15 damage)
             ... on level 4 of the Dungeon.
             The game lasted 00:19:58 (3938 turns).

bli the Magician (DrAE)                             Turns: 3938, Time: 00:19:58

Health: -5/56      AC:  9    Str: 10    XL:     7   Next: 89%
Magic:  8/16       EV: 13    Int: 18    God:
Gold:   229        SH:  0    Dex: 11    Spells: 8/18 levels left

rFire    . . .     SeeInvis .   y - +4 quarterstaff (chaos)
rCold    + + .     Gourm    .   (shield currently unavailable)
rNeg     . . .     Faith    .   (armour unavailable)
rPois    .         Spirit   .   (helmet restricted)
rElec    .         Reflect  .   o - +0 cloak
rCorr    .         Harm     .   t - +0 pair of gloves
MR       +....                  k - +0 pair of boots
Stlth    ++........             x - amulet of magic regeneration
HPRegen  0.18/turn              p - ring of protection from cold
MPRegen  0.40/turn              m - ring of protection from cold

@: no status effects
A: breathe power, unfitting armour, cold-blooded, AC +6
a: Breathe Dispelling Energy


You were on level 4 of the Dungeon.
You were not hungry.

You visited 1 branch of the dungeon, and saw 4 of its levels.

You collected 229 gold pieces.

Inventory:

Hand Weapons
 a - a +1 dagger of venom
 b - a +0 scimitar
 g - a +0 spear
 y - a +4 quarterstaff of chaos (weapon)
Missiles
 d - 120 stones (quivered)
 E - 3 javelins
Armour
 k - a +0 pair of boots (worn)
 o - a +0 cloak (worn)
 s - a +0 pair of gloves
 t - a +0 pair of gloves (worn)
 w - a +0 cloak
 B - a +0 cloak
Jewellery
 i - an uncursed ring of teleportation
 l - an uncursed ring of fire
 m - a ring of protection from cold (right hand)
 p - a ring of protection from cold (left hand)
 x - an amulet of magic regeneration (around neck)
Wands
 F - a wand of digging (5)
Scrolls
 e - a scroll of random uselessness {unknown}
 f - a scroll of remove curse
 h - 4 scrolls of identify
 n - 3 scrolls of teleportation
 q - 2 scrolls of enchant weapon {unknown}
 r - a scroll of immolation {unknown}
 v - 2 scrolls of enchant armour {unknown}
 D - a scroll of amnesia {unknown}
 G - a scroll of fog {unknown}
Potions
 j - a potion of ambrosia {unknown}
 u - a potion of curing
 A - 2 potions of cancellation
 C - a potion of haste {unknown}
Comestibles
 c - 5 rations
 z - 4 chunks of flesh


   Skills:
 + Level 2.6 Fighting
 + Level 1.1 Staves
 + Level 2.9 Dodging
 + Level 2.3 Stealth
 + Level 6.2 Spellcasting
 * Level 4.9 Conjurations
 + Level 4.4 Air Magic


You had 8 spell levels left.
You knew the following spells:

 Your Spells              Type           Power        Failure   Level  Hunger
a - Shock                 Conj/Air       ###.         1%          1    None
d - Dazzling Spray        Conj/Hex       ##....       13%         3    ##.....
A - Airstrike             Air            ###.......   19%         4    ####...
S - Swiftness             Chrm/Air       ##......     7%          2    None

Your spell library contained the following spells:

 Spells                   Type           Power        Failure   Level  Hunger
 Static Discharge         Conj/Air       ###.....     5%          3    ##.....
 Corona                   Hex            #......      12%         1    None
 Ensorcelled Hibernation  Hex/Ice        #.....       19%         2    None
 Confuse                  Hex            #.......     34%         3    ##.....
 Tukima's Dance           Hex            #.......     34%         3    ##.....
 Lightning Bolt           Conj/Air       ###.......   43%         5    #####..


Dungeon Overview and Level Annotations

Branches:
Dungeon (4/15)             Temple (0/1) D:4

Altars:
Dithmenos
Hepliaklqana
Trog

Annotations:
D:3 2 runed doors, Barriton's ghost, amateur DrAE
D:4 Menkaure


Innate Abilities, Weirdness & Mutations

You can breathe bolts of dispelling energy.
Your rich purple scales are hard. (AC +6)
You cannot fit into any form of body armour.
You are cold-blooded and may be slowed by cold attacks.


Message History

The goblin barely misses you. The goblin misses you.
The goblin barely misses
Casting: Dazzling Spray (safe; 13% risk of failure)
Confirm with . or Enter, or press ? or * to list all spells.
Aiming: Dazzling Spray (safe; 13% risk of failure)
Press: ? - help, Shift-Dir - straight line, f - goblin
Aim: a goblin (moderately wounded, fast, unusually strong)
The spray of energy misses the goblin.
The spray of energy hits Menkaure.
Menkaure is moderately damaged.
The goblin hits you but does no damage. x4
Menkaure calls on the powers of darkness!
Your body is wracked with pain!
* * * LOW HITPOINT WARNING * * *
The goblin hits you with a +0 club.
* * * LOW HITPOINT WARNING * * *
Okay, then.
Unknown command.
Unknown command.
Unknown command.
You feel better. The goblin closely misses you.
The goblin hits you but does no You die...

##.....# #......#
##..#[... . ..#
###.###.... . #..#
#..###..... #. #..#
##..##..###. #.## #..#
#...#..# #.
###...##..###.....# ..
..................###..#
......)gg.............##
....%)g@g............#
......M))............#
.........##...........
.........##).....###..
..........##....## .#
.)........##.......
.†........##.......
..........##......#
.......... .##...# ##
...# #.#


You could see Menkaure and 4 goblins.

Vanquished Creatures
  Sigmund (D:3)
  Eustachio (D:4)
  Purgy (D:3)
  An ogre (D:4)
  An orc priest (D:3)
  Crazy Yiuf (D:3)
  A bullfrog skeleton (D:4)
  Jessica (D:2)
  Ijyb (D:4)
  An iguana (D:4)
  A worker ant (D:4)
  Natasha (thrice) (D:2)
  Robin (D:4)
  3 gnolls (D:4)
  6 adders
  An ooze (D:3)
  2 worms
  5 dart slugs
  6 orcs (D:3)
  6 bats
  6 giant cockroaches
  16 goblins
  17 hobgoblins
  3 quokkas (D:3)
  4 ball pythons
  7 frilled lizards
  7 kobolds
  A leopard gecko skeleton (D:4)
  7 rats
112 creatures vanquished.

Notes
Turn   | Place    | Note
-------+----------+-------------------------------------------
     0 | D:1      | bli the Draconian Air Elementalist began the quest for the
                  | Orb.
     0 | D:1      | Reached XP level 1. HP: 14/14 MP: 3/3
   481 | D:1      | Reached XP level 2. HP: 17/20 MP: 0/5
   898 | D:1      | Reached skill level 3 in Spellcasting
  1322 | D:1      | Reached XP level 3. HP: 27/27 MP: 5/7
  1409 | D:2      | Noticed Jessica
  1411 | D:2      | Killed Jessica
  1449 | D:2      | Reached XP level 4. HP: 30/34 MP: 0/9
  1534 | D:2      | Noticed Natasha
  1559 | D:2      | Killed Natasha
  1714 | D:2      | Noticed Natasha
  1728 | D:2      | Killed Natasha
  1728 | D:2      | Reached skill level 4 in Spellcasting
  1819 | D:2      | Reached XP level 5. HP: 39/39 MP: 9/11
  1960 | D:2      | Noticed Natasha
  1966 | D:2      | Killed Natasha
  1989 | D:2      | Found a hazy altar of Hepliaklqana.
  2001 | D:2      | Found a bloodstained altar of Trog.
  2212 | D:3      | Reached skill level 1 in Fighting
  2238 | D:3      | Found a runed door.
  2275 | D:3      | Found a runed door.
  2281 | D:3      | Noticed Barriton's ghost (amateur DrAE)
  2349 | D:3      | Noticed Sigmund
  2488 | D:3      | Noticed Purgy
  2506 | D:3      | Killed Purgy
  2506 | D:3      | Reached XP level 6. HP: 22/48 MP: 9/12
  2679 | D:3      | Killed Sigmund
  2774 | D:3      | Found a runed door.
  2778 | D:3      | Noticed Crazy Yiuf
  2786 | D:3      | Killed Crazy Yiuf
  2786 | D:3      | Your scales start taking on a rich purple colour.
  2786 | D:3      | Reached skill level 5 in Spellcasting
  2786 | D:3      | Reached XP level 7. HP: 43/56 MP: 13/15
  2876 | D:3      | Learned a level 2 spell: Swiftness
  2934 | D:3      | Found a shadowy altar of Dithmenos.
  3354 | D:4      | Noticed Eustachio
  3369 | D:4      | Killed Eustachio
  3509 | D:4      | Found a staircase to the Ecumenical Temple.
  3509 | D:4      | Noticed Ijyb
  3526 | D:4      | Reached skill level 6 in Spellcasting
  3667 | D:4      | Reached skill level 1 in Staves
  3672 | D:4      | Learned a level 3 spell: Dazzling Spray
  3681 | D:4      | Learned a level 4 spell: Airstrike
  3891 | D:4      | Killed Ijyb
  3921 | D:4      | Noticed Robin
  3928 | D:4      | Noticed Menkaure
  3932 | D:4      | Killed Robin
  3937 | D:4      | HP: 2/56 [goblin/+0 club[Robin] (2)]
  3938 | D:4      | Slain by Menkaure

Vault maps used:
D:1:      ncdulo_wetmaze, st_stairs_9
D:2:      amethyst_overflow_temple_binary, minmay_tetromino_t4, uniq_jessica,
          uniq_natasha
D:3:      lemuel_crystal_altar, ebering_ghost_sewer_f, uniq_sigmund, uniq_purgy,
          uniq_crazy_yiuf_cottage
D:4:      minmay_temple_entry_crystal_x, first_ration, minmay_quadrilaterals,
          uniq_ijyb, uniq_eustachio, uniq_robin, uniq_menkaure

Skill      XL: |  1  2  3  4  5  6  7 |
---------------+----------------------+-----
Spellcasting   | 3 4 5 6 |  6.2
Conjurations   | 2 3 4 |  4.9
Fighting       | 1 2 |  2.6
Dodging        | 2 |  2.9
Stealth        | 2 |  2.3
Air Magic      | 4 |  4.4
Staves         | 1 |  1.1

Action                   |  1- 3 |  4- 6 |  7- 9 || total
-------------------------+-------+-------+-------++-------
Melee: Unarmed           |    54 |       |       ||    54
       Tailslap          |     5 |    12 |     2 ||    19
       Spear             |     5 |       |       ||     5
       Dagger            |     7 |    78 |       ||    85
       Quarterstaff      |       |       |    18 ||    18
 Cast: Shock             |    54 |    59 |    77 ||   190
       Dazzling Spray    |       |       |     3 ||     3
  Use: Scroll            |       |     3 |     1 ||     4
       Potion            |       |       |     2 ||     2
 Stab: Sleeping          |       |     1 |       ||     1
  Eat: Chunk             |     2 |     4 |     4 ||    10
Armor: Skin              |    25 |    34 |    51 ||   110
Dodge: Dodged            |    47 |    86 |    59 ||   192

Table legend:
 A = Non-vault XP
 B = Vault XP
 C = Vault XP percentage of total XP
 D = Non-vault monster count
 E = Vault monster count
 F = Vault count percentage of total count
                 A         B        C        D         E       F
            +---------+---------+-------+---------+---------+-------
      Total |     603 |     752 |  55.5 |      89 |      23 |  20.5
            +---------+---------+-------+---------+---------+-------
        D:1 |      39 |       4 |   9.3 |      24 |       2 |   7.7
        D:2 |     111 |      89 |  44.5 |      15 |       5 |  25.0
        D:3 |     138 |     405 |  74.6 |      36 |       3 |   7.7
        D:4 |     315 |     254 |  44.6 |      14 |      13 |  48.1
            +---------+---------+-------+---------+---------+-------
